Predators vs Wild

Created - April 19 2010 at 17:53

Goals
1 2 3 T
Predators 1 1 2 4
Wild 0 0 0 0
Shots
1 2 3 T
Predators 8 5 16 29
Wild 5 10 3 18

Period #1

1. Predators , Nicklas Backstrom 4 (Thomas Vanek, Shea Weber) at 13:54 (PP)

Penalties :
Jaroslav Spacek (MIN) for Hooking (Minor) at 4:07, Shea Weber (NSH) for Hooking (Minor) at 4:55, Nick Schultz (MIN) for Hooking (Minor) at 10:05, Niclas Wallin (MIN) for Hooking (Minor) at 13:34, Jason Arnott (MIN) for Fighting (Major) at 15:32, Scott Hartnell (NSH) for Fighting (Major) at 15:32, Nick Schultz (MIN) for High sticking (Minor) at 19:51

Period #2

2. Predators , Simon Gagne 2 (Scott Hartnell, Zbynek Michalek) at 18:04

Penalties :
Derek Morris (NSH) for High sticking (Minor) at 3:01, Niclas Wallin (MIN) for Tripping (Minor) at 6:38

Period #3

3. Predators , Jeff Carter 2 (Patrik Elias, Braydon Coburn) at 2:44 (PP)
4. Predators , Patrik Elias 4 (Tomas Kaberle, Jeff Carter) at 4:08

Penalties :
Marian Gaborik (MIN) for Hooking (Minor) at 1:57, Philippe Boucher (MIN) for Hooking (Minor) at 6:13, Brooks Laich (MIN) for Fighting (Major) at 11:03, Eric Nystrom (NSH) for Fighting (Major) at 11:03, Steven Stamkos (NSH) for Holding (Minor) at 11:57, Eric Nystrom (NSH) for Roughing (Minor) at 18:33

Goalie Stats

Pekka Rinne (NSH), 18 saves from 18 shots - (1.000), W, 5-2-0, 60:00 minutes
Dwayne Roloson (MIN), 25 saves from 29 shots - (0.862), L, 5-1-2, 60:00 minutes

Players Stats

Predators
Player Name              G  A  P  +/- PIM S  H  SB FO    MP 
------------------------------------------------------------
Alex Burrows             0  0  0   0  0   1  0  0  0/0   15 
Braydon Coburn           0  1  1   0  0   1  2  0  0/0   21 
Brent Burns              0  0  0   0  0   0  0  2  0/0   19 
David Legwand            0  0  0   1  0   2  0  0  10/20 17 
Derek Morris             0  0  0   1  2   0  0  0  0/0   17 
Eric Nystrom             0  0  0   0  7   0  0  0  0/0   4  
Jeff Carter              1  1  2   1  0   5  2  0  11/20 20 
Nicklas Backstrom        1  0  1   0  0   3  0  0  12/18 18 
Patrik Elias             1  1  2   1  0   2  1  0  2/6   21 
Scott Hartnell           0  1  1   1  5   1  0  0  0/0   16 
Shea Weber               0  1  1   1  2   4  3  2  0/0   21 
Simon Gagne              1  0  1   1  0   3  1  0  0/2   19 
Steven Stamkos           0  0  0   0  2   2  1  0  2/3   19 
Thomas Vanek             0  1  1   1  0   2  2  0  2/2   16 
Tomas Kaberle            0  1  1   1  0   2  0  0  0/0   20 
Vernon Fiddler           0  0  0   0  0   0  0  0  2/2   6  
Viktor Kozlov            0  0  0   0  0   1  0  0  0/0   3  
Zbynek Michalek          0  1  1   1  0   0  2  0  0/0   20 
Wild
Player Name              G  A  P  +/- PIM S  H  SB FO    MP 
------------------------------------------------------------
Alexei Ponikarovsky      0  0  0   0  0   1  1  0  1/2   16 
Brooks Laich             0  0  0   0  5   2  0  0  0/1   17 
Bryan McCabe             0  0  0   0  0   0  1  0  0/0   17 
Jaroslav Spacek          0  0  0  -2  2   1  3  1  0/0   22 
Jason Arnott             0  0  0  -1  5   6  2  0  8/19  17 
Krys Kolanos             0  0  0   0  0   0  0  0  5/9   6  
Kyle Brodziak            0  0  0   0  0   0  0  0  2/6   4  
Marian Gaborik           0  0  0  -1  2   1  1  1  1/1   19 
Mats Sundin              0  0  0   0  0   2  0  0  7/16  15 
Michal Rozsival          0  0  0  -1  0   0  1  2  0/0   21 
Mike Grier               0  0  0   0  0   2  1  0  0/1   18 
Milan Hejduk             0  0  0  -1  0   1  0  0  0/0   19 
Nick Schultz             0  0  0  -1  4   0  1  0  0/0   15 
Niclas Wallin            0  0  0   0  4   1  4  1  0/0   16 
Olli Jokinen             0  0  0  -1  0   1  0  0  8/17  19 
Philippe Boucher         0  0  0   0  2   0  1  1  0/0   19 
Ruslan Salei             0  0  0   0  0   0  0  1  0/0   8  
Shane Doan               0  0  0  -2  0   0  2  1  0/1   20 

3 Stars

1 - Pekka Rinne (NSH)
2 - Jeff Carter (NSH)
3 - Patrik Elias (NSH)

Power Play

Predators - 2 on 7 Attempt(s) - 28.57%
Wild - 0 on 4 Attempt(s) - 0.00%

Penalty Kill

Predators - 4 on 4 Attempt(s) - 100.00% - Score 0 goal in Penalty Kill
Wild - 5 on 7 Attempt(s) - 71.43% - Score 0 goal in Penalty Kill

Game Notes

Jason Arnott and Scott Hartnell fight to a draw at 15:32 of 1st period
Eric Nystrom beats up Brooks Laich at 11:03 of 3rd period

Finance

Level 1 -- Attendance: 6366 (97.94%) -- Ticket Income $636,600.00
Level 2 -- Attendance: 5000 (100.00%) -- Ticket Income $300,000.00
Level 3 -- Attendance: 3500 (100.00%) -- Ticket Income $122,500.00
Level 4 -- Attendance: 2064 (100.00%) -- Ticket Income $41,280.00
Luxury Box -- Attendance: 1000 (100.00%) -- Ticket Income $200,000.00
Game was played at the Xcel Energy Center
Total Attendance: 17930 (99.26%)
Total Ticket Income: $1,305,661.00
Other Income: $391,698.41
Total Income: $1,697,359.00


Play by Play

Period #1

0:01 of 1st period - Jeff Carter wins face-off versus Jason Arnott in neutral zone.
0:04 of 1st period - Shot by Tomas Kaberle.
0:04 of 1st period - Deflect By Jeff Carter.
0:04 of 1st period - Shot Misses the Net.
0:06 of 1st period - Shot by Shea Weber.
0:06 of 1st period - Shot Blocked by Philippe Boucher.
0:08 of 1st period - Shot by Shea Weber.
0:08 of 1st period - Stopped by Dwayne Roloson without a rebound.
0:09 of 1st period - Olli Jokinen wins face-off versus Nicklas Backstrom in Wild zone.
0:17 of 1st period - Off-side.
0:18 of 1st period - Patrik Elias wins face-off versus Jason Arnott in neutral zone.
0:41 of 1st period - Shot by Jason Arnott.
0:41 of 1st period - Stopped by Pekka Rinne without a rebound.
0:42 of 1st period - Olli Jokinen wins face-off versus Nicklas Backstrom in Predators zone.
1:44 of 1st period - Shot by Brooks Laich.
1:44 of 1st period - Stopped by Pekka Rinne without a rebound.
1:45 of 1st period - David Legwand wins face-off versus Jason Arnott in Predators zone.
1:52 of 1st period - Shot by Simon Gagne.
1:52 of 1st period - Shot Misses the Net.
1:57 of 1st period - Off-side.
1:58 of 1st period - Jeff Carter wins face-off versus Mats Sundin in neutral zone.
2:06 of 1st period - Thomas Vanek is hit by Bryan McCabe and loses puck.
2:10 of 1st period - Patrik Elias is hit by Niclas Wallin and loses puck.
2:18 of 1st period - Patrik Elias is hit by Niclas Wallin.
2:20 of 1st period - Shot by Jeff Carter.
2:20 of 1st period - Shot Misses the Net.
2:36 of 1st period - Shot by Jeff Carter.
2:36 of 1st period - Stopped by Dwayne Roloson without a rebound.
2:37 of 1st period - Marian Gaborik wins face-off versus David Legwand in Wild zone.
3:05 of 1st period - Icing by Zbynek Michalek.
3:06 of 1st period - Olli Jokinen wins face-off versus David Legwand in Predators zone.
4:07 of 1st period - Minor Penalty to Jaroslav Spacek for Hooking.
4:08 of 1st period - Krys Kolanos wins face-off versus Patrik Elias in Wild zone.
4:36 of 1st period - Shot by Tomas Kaberle.
4:36 of 1st period - Stopped by Dwayne Roloson without a rebound.
4:37 of 1st period - Nicklas Backstrom wins face-off versus Krys Kolanos in Wild zone.
4:55 of 1st period - Minor Penalty to Shea Weber for Hooking.
4:56 of 1st period - Jeff Carter wins face-off versus Jason Arnott in Predators zone.
4:56 of 1st period - Jeff Carter is hit by Marian Gaborik.
5:08 of 1st period - Shot by Jeff Carter.
5:08 of 1st period - Shot Blocked by Marian Gaborik.
8:06 of 1st period - Off-side.
8:07 of 1st period - David Legwand wins face-off versus Olli Jokinen in neutral zone.
8:35 of 1st period - Shot by Olli Jokinen.
8:35 of 1st period - Shot Misses the Net.
8:41 of 1st period - Shot by Simon Gagne.
8:41 of 1st period - Shot Misses the Net.
9:44 of 1st period - Shot by Simon Gagne.
9:44 of 1st period - Shot Misses the Net.
10:05 of 1st period - Minor Penalty to Nick Schultz for Hooking.
10:06 of 1st period - Nicklas Backstrom wins face-off versus Krys Kolanos in Wild zone.
10:07 of 1st period - Shot by Shea Weber.
10:07 of 1st period - Shot Misses the Net.
10:58 of 1st period - Icing by Simon Gagne.
10:59 of 1st period - Krys Kolanos wins face-off versus Simon Gagne in Predators zone.
11:03 of 1st period - Icing by Tomas Kaberle.
11:04 of 1st period - Kyle Brodziak wins face-off versus Jeff Carter in Predators zone.
11:12 of 1st period - Shot by Jeff Carter.
11:12 of 1st period - Deflect By Simon Gagne.
11:12 of 1st period - Shot Misses the Net.
11:14 of 1st period - Shot by Braydon Coburn.
11:14 of 1st period - Shot Misses the Net.
11:18 of 1st period - Shot by Jeff Carter.
11:18 of 1st period - Shot Misses the Net.
11:20 of 1st period - Shot by Jeff Carter.
11:20 of 1st period - Shot Blocked by Niclas Wallin.
12:19 of 1st period - Shot by Jason Arnott.
12:19 of 1st period - Shot Misses the Net.
12:23 of 1st period - Shot by Jason Arnott.
12:23 of 1st period - Shot Misses the Net.
12:25 of 1st period - Shot by Jason Arnott.
12:25 of 1st period - Stopped by Pekka Rinne without a rebound.
12:26 of 1st period - Olli Jokinen wins face-off versus David Legwand in Predators zone.
12:49 of 1st period - Shot by Simon Gagne.
12:49 of 1st period - Deflect By Scott Hartnell.
12:49 of 1st period - Shot Misses the Net.
13:06 of 1st period - Off-side.
13:07 of 1st period - Jeff Carter wins face-off versus Jason Arnott in neutral zone.
13:32 of 1st period - Shot by Shea Weber.
13:32 of 1st period - Stopped by Dwayne Roloson without a rebound.
13:33 of 1st period - Nicklas Backstrom wins face-off versus Mats Sundin in Wild zone.
13:33 of 1st period - Nicklas Backstrom is hit by Niclas Wallin.
13:34 of 1st period - Minor Penalty to Niclas Wallin for Hooking.
13:35 of 1st period - Nicklas Backstrom wins face-off versus Kyle Brodziak in Wild zone.
13:44 of 1st period - Shot by Steven Stamkos.
13:44 of 1st period - Shot Misses the Net.
13:46 of 1st period - Shot by Shea Weber.
13:46 of 1st period - Shot Blocked by Michal Rozsival.
13:50 of 1st period - Shot by Nicklas Backstrom.
13:50 of 1st period - Shot Misses the Net.
13:54 of 1st period - Shot by Nicklas Backstrom.
13:54 of 1st period - Goal by Nicklas Backstrom - Predators : 1 - Wild : 0.
13:55 of 1st period - Nicklas Backstrom wins face-off versus Mats Sundin in neutral zone.
14:16 of 1st period - Shot by Alex Burrows.
14:16 of 1st period - Shot Misses the Net.
14:37 of 1st period - Brent Burns is hit by Mike Grier and loses puck.
14:49 of 1st period - Brent Burns is hit by Alexei Ponikarovsky and loses puck.
15:32 of 1st period - Jason Arnott and Scott Hartnell fight to a draw.
15:32 of 1st period - Penalty to Jason Arnott for Fighting.
15:32 of 1st period - Penalty to Scott Hartnell for Fighting.
15:33 of 1st period - Jeff Carter wins face-off versus Olli Jokinen in neutral zone.
16:02 of 1st period - Shot by Jeff Carter.
16:02 of 1st period - Shot Misses the Net.
17:49 of 1st period - Shot by Jeff Carter.
17:49 of 1st period - Stopped by Dwayne Roloson without a rebound.
17:50 of 1st period - David Legwand wins face-off versus Olli Jokinen in Wild zone.
18:51 of 1st period - Shot by Mike Grier.
18:51 of 1st period - Stopped by Pekka Rinne with a rebound.
19:01 of 1st period - Shot by Milan Hejduk.
19:01 of 1st period - Shot Misses the Net.
19:03 of 1st period - Shot by Mike Grier.
19:03 of 1st period - Deflect By Brooks Laich.
19:03 of 1st period - Stopped by Pekka Rinne without a rebound.
19:04 of 1st period - Mats Sundin wins face-off versus Jeff Carter in Predators zone.
19:27 of 1st period - Icing by Michal Rozsival.
19:28 of 1st period - Mats Sundin wins face-off versus David Legwand in Wild zone.
19:41 of 1st period - Shot by David Legwand.
19:41 of 1st period - Deflect By Viktor Kozlov.
19:41 of 1st period - Stopped by Dwayne Roloson with a rebound.
19:43 of 1st period - Shot by David Legwand.
19:43 of 1st period - Shot Misses the Net.
19:49 of 1st period - Shot by David Legwand.
19:49 of 1st period - Stopped by Dwayne Roloson without a rebound.
19:50 of 1st period - Jeff Carter wins face-off versus Olli Jokinen in Wild zone.
19:50 of 1st period - Jeff Carter is hit by Nick Schultz.
19:51 of 1st period - Minor Penalty to Nick Schultz for High sticking.
19:52 of 1st period - Thomas Vanek wins face-off versus Kyle Brodziak in Wild zone.
19:53 of 1st period - Shot by Steven Stamkos.
19:53 of 1st period - Shot Misses the Net.

Period #2

0:01 of 2nd period - Krys Kolanos wins face-off versus Jeff Carter in neutral zone.
0:01 of 2nd period - Brooks Laich is hit by Simon Gagne and loses puck.
1:14 of 2nd period - Philippe Boucher is hit by Thomas Vanek and loses puck.
1:37 of 2nd period - Shot by Shea Weber.
1:37 of 2nd period - Shot Misses the Net.
1:43 of 2nd period - Shot by Shea Weber.
1:43 of 2nd period - Shot Misses the Net.
2:05 of 2nd period - Shot by Marian Gaborik.
2:05 of 2nd period - Stopped by Pekka Rinne without a rebound.
2:06 of 2nd period - David Legwand wins face-off versus Olli Jokinen in Predators zone.
2:06 of 2nd period - David Legwand is hit by Shane Doan.
2:21 of 2nd period - Zbynek Michalek is hit by Shane Doan and loses puck.
2:54 of 2nd period - Bryan McCabe is hit by Zbynek Michalek.
2:57 of 2nd period - Mats Sundin is hit by Zbynek Michalek and loses puck.
3:01 of 2nd period - Minor Penalty to Derek Morris for High sticking.
3:02 of 2nd period - Jason Arnott wins face-off versus Patrik Elias in Predators zone.
3:07 of 2nd period - Shot by Marian Gaborik.
3:07 of 2nd period - Shot Blocked by Shea Weber.
3:11 of 2nd period - Shot by Marian Gaborik.
3:11 of 2nd period - Shot Blocked by Shea Weber.
3:13 of 2nd period - Shot by Bryan McCabe.
3:13 of 2nd period - Shot Misses the Net.
3:16 of 2nd period - Marian Gaborik is hit by Shea Weber and loses puck.
3:54 of 2nd period - Icing by Ruslan Salei.
3:55 of 2nd period - Vernon Fiddler wins face-off versus Jason Arnott in Wild zone.
5:25 of 2nd period - Shot by Mats Sundin.
5:25 of 2nd period - Stopped by Pekka Rinne without a rebound.
5:26 of 2nd period - Alexei Ponikarovsky wins face-off versus Jeff Carter in Predators zone.
5:44 of 2nd period - Shot by Jason Arnott.
5:44 of 2nd period - Stopped by Pekka Rinne without a rebound.
5:45 of 2nd period - Mats Sundin wins face-off versus Simon Gagne in Predators zone.
6:08 of 2nd period - Shot by Brooks Laich.
6:08 of 2nd period - Shot Misses the Net.
6:38 of 2nd period - Minor Penalty to Niclas Wallin for Tripping.
6:39 of 2nd period - Nicklas Backstrom wins face-off versus Krys Kolanos in Wild zone.
6:44 of 2nd period - Shot by Thomas Vanek.
6:44 of 2nd period - Stopped by Dwayne Roloson with a rebound.
7:08 of 2nd period - Shot by Shea Weber.
7:08 of 2nd period - Shot Misses the Net.
7:10 of 2nd period - Shot by Shea Weber.
7:10 of 2nd period - Shot Misses the Net.
7:12 of 2nd period - Shot by Brent Burns.
7:12 of 2nd period - Shot Misses the Net.
7:40 of 2nd period - Patrik Elias is hit by Jaroslav Spacek and loses puck.
7:59 of 2nd period - Shot by Braydon Coburn.
7:59 of 2nd period - Stopped by Dwayne Roloson without a rebound.
8:00 of 2nd period - Steven Stamkos wins face-off versus Krys Kolanos in Wild zone.
9:24 of 2nd period - Icing by Bryan McCabe.
9:25 of 2nd period - Steven Stamkos wins face-off versus Mike Grier in Wild zone.
9:36 of 2nd period - Shot by Shea Weber.
9:36 of 2nd period - Stopped by Dwayne Roloson without a rebound.
9:37 of 2nd period - Jason Arnott wins face-off versus Jeff Carter in Wild zone.
9:37 of 2nd period - Jason Arnott is hit by Jeff Carter.
9:49 of 2nd period - Shot by Jason Arnott.
9:49 of 2nd period - Stopped by Pekka Rinne without a rebound.
9:50 of 2nd period - Nicklas Backstrom wins face-off versus Jason Arnott in Predators zone.
9:52 of 2nd period - Icing by Alex Burrows.
9:53 of 2nd period - Nicklas Backstrom wins face-off versus Mats Sundin in Predators zone.
10:04 of 2nd period - Shot by Steven Stamkos.
10:04 of 2nd period - Deflect By Nicklas Backstrom.
10:04 of 2nd period - Shot Misses the Net.
11:30 of 2nd period - Shot by Alexei Ponikarovsky.
11:30 of 2nd period - Stopped by Pekka Rinne without a rebound.
11:31 of 2nd period - Olli Jokinen wins face-off versus David Legwand in Predators zone.
11:46 of 2nd period - Shot by Olli Jokinen.
11:46 of 2nd period - Stopped by Pekka Rinne without a rebound.
11:47 of 2nd period - Nicklas Backstrom wins face-off versus Olli Jokinen in Predators zone.
12:08 of 2nd period - Shot by Olli Jokinen.
12:08 of 2nd period - Deflect By Milan Hejduk.
12:08 of 2nd period - Stopped by Pekka Rinne without a rebound.
12:09 of 2nd period - Jason Arnott wins face-off versus David Legwand in Predators zone.
12:14 of 2nd period - Shot by Marian Gaborik.
12:14 of 2nd period - Deflect By Jason Arnott.
12:14 of 2nd period - Stopped by Pekka Rinne without a rebound.
12:15 of 2nd period - David Legwand wins face-off versus Alexei Ponikarovsky in Predators zone.
12:39 of 2nd period - Shot by Jason Arnott.
12:39 of 2nd period - Deflect By Alexei Ponikarovsky.
12:39 of 2nd period - Shot Misses the Net.
12:50 of 2nd period - Shot by Scott Hartnell.
12:50 of 2nd period - Shot Misses the Net.
12:52 of 2nd period - Shot by David Legwand.
12:52 of 2nd period - Shot Misses the Net.
13:03 of 2nd period - Icing by Derek Morris.
13:04 of 2nd period - David Legwand wins face-off versus Olli Jokinen in Predators zone.
13:52 of 2nd period - Shane Doan is hit by Jeff Carter and loses puck.
14:11 of 2nd period - Shot by Jeff Carter.
14:11 of 2nd period - Shot Misses the Net.
14:23 of 2nd period - Michal Rozsival is hit by Thomas Vanek.
15:58 of 2nd period - Marian Gaborik is hit by Braydon Coburn.
16:02 of 2nd period - Shot by Marian Gaborik.
16:02 of 2nd period - Shot Misses the Net.
16:04 of 2nd period - Shot by Marian Gaborik.
16:04 of 2nd period - Deflect By Jason Arnott.
16:04 of 2nd period - Shot Blocked by Brent Burns.
16:33 of 2nd period - Shot by Brooks Laich.
16:33 of 2nd period - Shot Blocked by Brent Burns.
16:35 of 2nd period - Shot by Niclas Wallin.
16:35 of 2nd period - Stopped by Pekka Rinne with a rebound.
16:37 of 2nd period - Shot by Mike Grier.
16:37 of 2nd period - Stopped by Pekka Rinne without a rebound.
16:38 of 2nd period - Jason Arnott wins face-off versus Patrik Elias in Predators zone.
17:15 of 2nd period - Shea Weber is hit by Jason Arnott and loses puck.
17:50 of 2nd period - Shot by Scott Hartnell.
17:50 of 2nd period - Shot Blocked by Shane Doan.
17:52 of 2nd period - Shot by Zbynek Michalek.
17:52 of 2nd period - Shot Misses the Net.
17:56 of 2nd period - Shot by Simon Gagne.
17:56 of 2nd period - Shot Misses the Net.
18:00 of 2nd period - Shot by Scott Hartnell.
18:00 of 2nd period - Stopped by Dwayne Roloson with a rebound.
18:04 of 2nd period - Shot by Scott Hartnell.
18:04 of 2nd period - Deflect By Simon Gagne.
18:04 of 2nd period - Goal by Simon Gagne - Predators : 2 - Wild : 0.
18:05 of 2nd period - Mats Sundin wins face-off versus David Legwand in neutral zone.
19:05 of 2nd period - Philippe Boucher is hit by Patrik Elias and loses puck.

Period #3

0:01 of 3rd period - Jason Arnott wins face-off versus Jeff Carter in neutral zone.
0:05 of 3rd period - Icing by Tomas Kaberle.
0:06 of 3rd period - Olli Jokinen wins face-off versus Jeff Carter in Predators zone.
0:12 of 3rd period - Shane Doan is hit by Shea Weber.
0:59 of 3rd period - Shot by Nicklas Backstrom.
0:59 of 3rd period - Shot Blocked by Michal Rozsival.
1:01 of 3rd period - Shot by Alex Burrows.
1:01 of 3rd period - Stopped by Dwayne Roloson without a rebound.
1:02 of 3rd period - David Legwand wins face-off versus Jason Arnott in Wild zone.
1:02 of 3rd period - David Legwand is hit by Philippe Boucher.
1:57 of 3rd period - Minor Penalty to Marian Gaborik for Hooking.
1:58 of 3rd period - Kyle Brodziak wins face-off versus Nicklas Backstrom in Wild zone.
2:09 of 3rd period - Shot by Brent Burns.
2:09 of 3rd period - Shot Misses the Net.
2:11 of 3rd period - Shot by Shea Weber.
2:11 of 3rd period - Shot Blocked by Ruslan Salei.
2:13 of 3rd period - Shot by Nicklas Backstrom.
2:13 of 3rd period - Stopped by Dwayne Roloson without a rebound.
2:14 of 3rd period - Jeff Carter wins face-off versus Kyle Brodziak in Wild zone.
2:16 of 3rd period - Patrik Elias is hit by Niclas Wallin and loses puck.
2:44 of 3rd period - Shot by Jeff Carter.
2:44 of 3rd period - Goal by Jeff Carter - Predators : 3 - Wild : 0.
2:45 of 3rd period - Olli Jokinen wins face-off versus Nicklas Backstrom in neutral zone.
2:52 of 3rd period - Shot by Milan Hejduk.
2:52 of 3rd period - Shot Misses the Net.
3:09 of 3rd period - Nicklas Backstrom is hit by Jaroslav Spacek and loses puck.
3:16 of 3rd period - Shot by Nicklas Backstrom.
3:16 of 3rd period - Stopped by Dwayne Roloson without a rebound.
3:17 of 3rd period - Jeff Carter wins face-off versus Mats Sundin in Wild zone.
3:18 of 3rd period - Shot by Thomas Vanek.
3:18 of 3rd period - Stopped by Dwayne Roloson with a rebound.
3:22 of 3rd period - Shot by Jeff Carter.
3:22 of 3rd period - Stopped by Dwayne Roloson without a rebound.
3:23 of 3rd period - David Legwand wins face-off versus Mats Sundin in Wild zone.
3:38 of 3rd period - Shot by Simon Gagne.
3:38 of 3rd period - Stopped by Dwayne Roloson without a rebound.
3:39 of 3rd period - Thomas Vanek wins face-off versus Shane Doan in Wild zone.
4:02 of 3rd period - Shot by Shea Weber.
4:02 of 3rd period - Shot Blocked by Jaroslav Spacek.
4:04 of 3rd period - Shot by Patrik Elias.
4:04 of 3rd period - Deflect By Jeff Carter.
4:04 of 3rd period - Shot Misses the Net.
4:08 of 3rd period - Shot by Patrik Elias.
4:08 of 3rd period - Goal by Patrik Elias - Predators : 4 - Wild : 0.
4:09 of 3rd period - Nicklas Backstrom wins face-off versus Brooks Laich in neutral zone.
4:46 of 3rd period - Shot by Mats Sundin.
4:46 of 3rd period - Shot Misses the Net.
5:21 of 3rd period - Jaroslav Spacek is hit by Shea Weber and loses puck.
6:13 of 3rd period - Minor Penalty to Philippe Boucher for Hooking.
6:14 of 3rd period - Jeff Carter wins face-off versus Kyle Brodziak in Wild zone.
6:21 of 3rd period - Shot by Jeff Carter.
6:21 of 3rd period - Shot Misses the Net.
6:23 of 3rd period - Shot by Jeff Carter.
6:23 of 3rd period - Stopped by Dwayne Roloson without a rebound.
6:24 of 3rd period - Krys Kolanos wins face-off versus Nicklas Backstrom in Wild zone.
6:47 of 3rd period - Shot by Shea Weber.
6:47 of 3rd period - Stopped by Dwayne Roloson without a rebound.
6:48 of 3rd period - Krys Kolanos wins face-off versus Jeff Carter in Wild zone.
7:41 of 3rd period - Shot by Steven Stamkos.
7:41 of 3rd period - Stopped by Dwayne Roloson with a rebound.
7:50 of 3rd period - Nicklas Backstrom is hit by Jaroslav Spacek.
8:30 of 3rd period - Shot by David Legwand.
8:30 of 3rd period - Stopped by Dwayne Roloson without a rebound.
8:31 of 3rd period - Patrik Elias wins face-off versus Jason Arnott in Wild zone.
8:56 of 3rd period - Shot by Tomas Kaberle.
8:56 of 3rd period - Deflect By Patrik Elias.
8:56 of 3rd period - Stopped by Dwayne Roloson with a rebound.
8:59 of 3rd period - Icing by Philippe Boucher.
9:00 of 3rd period - Jason Arnott wins face-off versus David Legwand in Wild zone.
10:27 of 3rd period - Jeff Carter is hit by Michal Rozsival and loses puck.
10:47 of 3rd period - Off-side.
10:48 of 3rd period - Mats Sundin wins face-off versus Steven Stamkos in neutral zone.
11:03 of 3rd period - Eric Nystrom beats up Brooks Laich.
11:03 of 3rd period - Penalty to Brooks Laich for Fighting.
11:03 of 3rd period - Penalty to Eric Nystrom for Fighting.
11:04 of 3rd period - Jeff Carter wins face-off versus Mats Sundin in Predators zone.
11:21 of 3rd period - Shot by Patrik Elias.
11:21 of 3rd period - Shot Misses the Net.
11:52 of 3rd period - Icing by Bryan McCabe.
11:53 of 3rd period - Nicklas Backstrom wins face-off versus Mats Sundin in Wild zone.
11:57 of 3rd period - Minor Penalty to Steven Stamkos for Holding.
11:58 of 3rd period - David Legwand wins face-off versus Jason Arnott in Predators zone.
13:08 of 3rd period - Shot by Jaroslav Spacek.
13:08 of 3rd period - Stopped by Pekka Rinne without a rebound.
13:09 of 3rd period - Olli Jokinen wins face-off versus David Legwand in Predators zone.
14:35 of 3rd period - Jeff Carter is hit by Jason Arnott and loses puck.
15:06 of 3rd period - Icing by Michal Rozsival.
15:07 of 3rd period - David Legwand wins face-off versus Olli Jokinen in Wild zone.
16:24 of 3rd period - Shot by Jason Arnott.
16:24 of 3rd period - Stopped by Pekka Rinne without a rebound.
16:25 of 3rd period - Jason Arnott wins face-off versus Jeff Carter in Predators zone.
17:02 of 3rd period - Icing by Niclas Wallin.
17:03 of 3rd period - Jason Arnott wins face-off versus Nicklas Backstrom in Wild zone.
18:02 of 3rd period - Shot by Simon Gagne.
18:02 of 3rd period - Stopped by Dwayne Roloson with a rebound.
18:04 of 3rd period - Shot by Zbynek Michalek.
18:04 of 3rd period - Shot Misses the Net.
18:15 of 3rd period - Icing by Michal Rozsival.
18:16 of 3rd period - Jeff Carter wins face-off versus Olli Jokinen in Wild zone.
18:29 of 3rd period - Shot by Tomas Kaberle.
18:29 of 3rd period - Stopped by Dwayne Roloson without a rebound.
18:30 of 3rd period - Nicklas Backstrom wins face-off versus Mats Sundin in Wild zone.
18:31 of 3rd period - Shot by Steven Stamkos.
18:31 of 3rd period - Stopped by Dwayne Roloson without a rebound.
18:32 of 3rd period - Mats Sundin wins face-off versus Patrik Elias in Wild zone.
18:32 of 3rd period - Mats Sundin is hit by Steven Stamkos.
18:33 of 3rd period - Minor Penalty to Eric Nystrom for Roughing.
18:34 of 3rd period - Vernon Fiddler wins face-off versus Jason Arnott in Predators zone.
18:42 of 3rd period - Bryan McCabe is hit by Braydon Coburn and loses puck.
19:39 of 3rd period - Shot by Mats Sundin.
19:39 of 3rd period - Stopped by Pekka Rinne without a rebound.
19:40 of 3rd period - Mats Sundin wins face-off versus David Legwand in Predators zone.


Output by the SimonT Hockey Simulator (STHS) for Stephane Roy -- Original Page W3C XHTML 1.0 Valid